 Dungeon Crawl Stone Soup version 0.21.1-1-g345015f (webtiles) character file.

203 letownia2 the Changer (level 5, -4/39 HPs)
             Began as a Merfolk Transmuter on Mar 15, 2018.
             Slain by an orc
             ... wielding a +0 falchion
              (6 damage)
             ... on level 4 of the Dungeon.
             The game lasted 00:06:35 (1108 turns).

letownia2 the Changer (Merfolk Transmuter)          Turns: 1108, Time: 00:06:35

Health: -4/39      AC:  2    Str: 12    XL:     5   Next: 81%
Magic:  5/8        EV: 21    Int: 12    God:
Gold:   62         SH:  0    Dex: 19    Spells: 2/8 levels left

rFire    . . .     SeeInvis .     - Unarmed
rCold    . . .     Gourm    .   (shield currently unavailable)
rNeg     . . .     Faith    .   (armour currently unavailable)
rPois    x         Spirit   .   (helmet currently unavailable)
rElec    .         Reflect  .   (cloak currently unavailable)
rCorr    .         Harm     .   (gloves currently unavailable)
MR       .....                  (boots currently unavailable)
Stlth    ++........             (no amulet)
HPRegen  0.13/turn              (no ring)
MPRegen  0.11/turn              (no ring)

@: spider-form
A: tiny, (change form in water), (swift swim), (stealthy swim)
a: End Transformation


You were on level 4 of the Dungeon.
You were hungry.
You were a venomous arachnid creature.
You visited 1 branch of the dungeon, and saw 4 of its levels.

You collected 62 gold pieces.

Inventory:

Hand Weapons
 t - a +0 hunting sling
Missiles
 a - 27 arrows
 j - 2 javelins (quivered)
 k - 13 sling bullets
 o - 6 tomahawks
Armour
 b - a +0 robe (melded)
 v - a +0 ring mail
 w - a +0 scale mail
 y - a +0 leather armour
Jewellery
 n - a +3 ring of strength {unknown}
Scrolls
 e - a scroll of teleportation {unknown}
 i - a scroll of remove curse {unknown}
 p - 3 scrolls of identify {unknown}
 q - a scroll of enchant armour {unknown}
 r - a scroll of magic mapping {unknown}
 s - a scroll of enchant weapon {unknown}
Potions
 f - a potion of lignification {unknown}
 g - a potion of ambrosia
 h - 2 potions of curing {unknown}
 l - a potion of heal wounds {unknown}
 m - a potion of haste {unknown}
 z - a potion of might {unknown}
 A - a potion of flight {unknown}
Books
 c - a book of Changes

   Spells                             Type                      Level
   a - Beastly Appendage              Transmutation                1
   b - Sticks to Snakes               Transmutation                2
   c - Spider Form                    Transmutation/Poison         3
   d - Ice Form                       Ice/Transmutation            4
   e - Blade Hands                    Transmutation                5
 x - a book of Minor Magic

   Spells                             Type                      Level
   a - Magic Dart                     Conjuration                  1
   b - Blink                          Translocation                2
   c - Call Imp                       Summoning                    2
   d - Slow                           Hexes                        2
   e - Conjure Flame                  Conjuration/Fire             3
   f - Mephitic Cloud                 Conjuration/Poison/Air       3
Comestibles
 d - 2 rations
 u - 9 chunks of flesh


   Skills:
 + Level 2.3 Fighting
 - Level 2.6 Dodging
 + Level 4.6 Unarmed Combat
 + Level 2.1 Spellcasting
 - Level 5.2 Transmutations
 + Level 2.0 Poison Magic


You had 2 spell levels left.
You knew the following spells:

 Your Spells              Type           Power        Failure   Level  Hunger
a - Beastly Appendage     Tmut           ##....       11%         1    ##.....
l - Sticks to Snakes      Tmut           ##......     14%         2    ###....
p - Spider Form           Tmut/Pois      #.........   38%         3    ####...


Dungeon Overview and Level Annotations

Branches:
Dungeon (4/15)
 Temple: D:4-7

Altars:
Wu Jian

Annotations:
D:4 Agrougrou's ghost, amateur OgSk


Message History

Unknown command.
Casting: Spider Form
Confirm with . or Enter, or press ? or * to list all spells.
You turn into a venomous arachnid creature.
Your +0 robe melds into your body.
You are feeling hungry.
The centaur hits you!
* * * LOW HITPOINT WARNING * * *
Unknown command.
Okay, then.
You bite the centaur!
The centaur is poisoned.
The centaur is moderately wounded.
The centaur barely misses you.
Unknown command.
You hit the centaur.
The centaur looks as sick as possible!
The centaur is heavily wounded.
The centaur hits you.
* * * LOW HITPOINT WARNING * * *
The centaur closely misses you. The orc hits you with a falchion.
You die...

#. #....###
#......# #>
#....#############
#.##.##.....#
#....######.#
##...# #.## #...#
#..# #...# ##.# ##
#o#o# #(##...##
#..o# #sor....#
...o# ##c......
....# ....... ##.o
....... ......#
#.....# >.....
......


You could see a centaur, an orc and a quokka.

Vanquished Creatures
  An orc priest (D:4)
  A hound (D:3)
  Jessica (D:3)
  Terence (D:2)
  3 adders (D:3)
  An adder skeleton (D:4)
  A worm (D:3)
  3 dart slugs (D:1)
  4 leopard geckos
  4 orcs
  9 bats
  3 giant cockroaches (D:2)
  6 hobgoblins
  2 jackals (D:1)
  6 frilled lizards
  3 goblins
  4 kobolds
  5 rats
58 creatures vanquished.

Notes
Turn   | Place    | Note
-------+----------+-------------------------------------------
     0 | D:1      | letownia2 the Merfolk Transmuter began the quest for the Orb.
     0 | D:1      | Reached XP level 1. HP: 15/15 MP: 3/3
   112 | D:1      | Reached skill level 3 in Transmutations
   164 | D:1      | Reached XP level 2. HP: 19/21 MP: 3/5
   186 | D:2      | Noticed Terence
   213 | D:1      | Learned a level 2 spell: Sticks to Snakes
   468 | D:1      | Reached XP level 3. HP: 13/26 MP: 6/6
   487 | D:1      | Learned a level 3 spell: Spider Form
   582 | D:2      | Reached skill level 1 in Poison Magic
   677 | D:2      | Found an ornate altar of the Wu Jian Council.
   751 | D:3      | Reached skill level 4 in Transmutations
   781 | D:3      | Reached XP level 4. HP: 15/32 MP: 1/7
   784 | D:3      | Noticed Jessica
   799 | D:3      | Killed Jessica
   799 | D:3      | Reached skill level 5 in Transmutations
   850 | D:2      | Killed Terence
   850 | D:2      | Reached XP level 5. HP: 31/37 MP: 3/8
   912 | D:4      | Noticed Agrougrou's ghost (amateur OgSk)
  1104 | D:4      | Noticed a centaur
  1108 | D:4      | Slain by an orc

Skill      XL: |  1  2  3  4  5 |
---------------+----------------+-----
Transmutations | 3 4 5 |  5.2
Unarmed Combat | 4 |  4.6
Poison Magic   | 1 2 |  2.0
Fighting       | 2 |  2.3
Dodging        | |  2.6
Spellcasting   | |  2.1

Action                   |  1- 3 |  4- 6 || total
-------------------------+-------+-------++-------
Melee: Unarmed           |   103 |    55 ||   158
       Headbutt          |     4 |     2 ||     6
       Punch             |     1 |     1 ||     2
Throw: Javelin           |     2 |       ||     2
       Tomahawk          |     1 |       ||     1
 Cast: Beastly Appendage |    14 |     2 ||    16
       Spider Form       |     6 |     7 ||    13
  Use: Potion            |       |     1 ||     1
 Stab: Sleeping          |     2 |       ||     2
  Eat: Chunk             |       |     3 ||     3
Armor: Robe              |    23 |     5 ||    28
       Skin              |     1 |       ||     1
Dodge: Dodged            |   117 |    35 ||   152
